 Dungeon Crawl Stone Soup version 0.29-a0-757-g358383bc75 (webtiles) character file.

Game seed: 14478059624198695356

1061 tilp the Scholar of Death (level 8, -2/60 HPs)
             Began as a Mummy Necromancer on July 1, 2022.
             Was a Follower of Kikubaaqudgha.
             Slain by an ogre
             ... wielding a +0 giant club
              (27 damage)
             ... on level 6 of the Dungeon.
             The game lasted 00:09:40 (6220 turns).

tilp the Scholar of Death (Mummy Necromancer)       Turns: 6220, Time: 00:09:40

Health: -2/60      AC:  4    Str: 11    XL:     8   Next: 6%
Magic:  10/15      EV: 12    Int: 16    God:    Kikubaaqudgha [*.....]
Gold:   268        SH:  0    Dex: 13    Spells: 0/17 levels left

rFire   x . .      SeeInvis +   a - +1 whip (pain)
rCold   + . .      Faith    .   (no shield)
rNeg    + + +      Spirit   .   c - +0 robe
rPois   ∞          Reflect  .   (no helmet)
rElec   .          Harm     .   e - +1 cloak
rCorr   .          Rampage  .   (no gloves)
Will    +....                   (no boots)
Stlth   ++........              (no amulet)
HPRegen 0.20/turn               m - ring of see invisible
MPRegen 0.14/turn               (no ring)

@: no status effects
A: cold resistance 1, negative energy resistance 3, torment resistance 2, heat
vulnerability 1, in touch with death 1, no potions
a: Renounce Religion, Unearth Wretches


You were on level 6 of the Dungeon.
You worshipped Kikubaaqudgha.
Kikubaaqudgha was aware of your devotion.
You visited 2 branches of the dungeon, and saw 7 of its levels.
You also visited: Sewer.

You collected 268 gold pieces.

Inventory:

Hand Weapons
 a - a +1 whip of pain (weapon)
 b - a +1 vorpal trident
Missiles
 h - 8 poisoned darts (quivered)
 j - 6 boomerangs
 k - 3 javelins
 o - 53 stones
Armour
 c - a +0 robe (worn)
 e - a +1 cloak (worn)
 l - a +0 kite shield
Jewellery
 m - a ring of see invisible (left hand)
Wands
 d - a wand of digging (2)
Scrolls
 f - a scroll of enchant weapon
 g - 2 scrolls of identify
 i - 3 scrolls of immolation
 n - 3 scrolls of teleportation
 p - a scroll of fog
 q - a scroll of brand weapon
 r - a scroll of amnesia {unknown}


   Skills:
 - Level 4.0 Fighting
 - Level 3.0 Dodging
 - Level 2.0 Stealth
 - Level 5.0 Spellcasting
 + Level 0.5 Hexes
 * Level 7.9 Necromancy


You couldn't memorise any spells.
You knew the following spells:

 Your Spells              Type           Power      Damage    Failure   Level
a - Necrotize             Necr           100%       1d9       1%          1
b - Vampiric Draining     Necr           44%        2d9       1%          3
c - Animate Dead          Necr           44%        N/A       6%          4
d - Agony                 Necr           44%        N/A       16%         5
e - Anguish               Hex/Necr       13%        N/A       26%         4

Your spell library contained the following spells:

 Spells                   Type           Power      Damage    Failure   Level
 Poisonous Vapours        Pois/Air       8%         N/A       22%         2
 Ozocubu's Armour         Ice            4%         N/A       41%         3
 Corpse Rot               Necr/Pois/Air  18%        N/A       45%         4
 Ozocubu's Refrigeration  Ice            2%         4d5       100%        7


Dungeon Overview and Level Annotations

Branches:
Dungeon (6/15)             Temple (1/1) D:5           Sewer (visited)

Altars:
Ashenzari
Cheibriados
Dithmenos
Elyvilon
Hepliaklqana
Kikubaaqudgha
Makhleb
Okawaru
Qazlal
Ru
Sif Muna
Trog
Uskayaw
Xom
Yredelemnul
Zin
The Shining One

Annotations:
D:3 unfinished, Sigmund
D:4 bees roaming!
D:5 Blork the orc, Edmund
D:6 exclusion: steam dragon


Innate Abilities, Weirdness & Mutations

You are immune to poison.
Your flesh is cold resistant. (rC+)
You are immune to negative energy. (rN+++)
You are immune to unholy pain and torment.
You are vulnerable to heat. (rF-)
You are in touch with the powers of death.
You do not drink.


Message History

An ogre is nearby!
You are too injured to fight recklessly!
Throw: 12 darts (poison)
Press: ? - help, Q - select action, (/) - cycle Shift-Dir - straight line, f - ogre
Aim: an ogre, wielding a +0 giant club (74% to hit)
You throw a poisoned dart.
The poisoned dart closely misses the ogre.
Unknown command.
Throw: 11 darts (poison)
Press: ? - help, Q - select action, (/) - cycle Shift-Dir - straight line, f/p - ogre
Aim: an ogre, wielding a +0 giant club (74% to hit)
You throw a poisoned dart. The poisoned dart hits the ogre.
The ogre is poisoned.
Unknown command.
Throw: 10 darts (poison)
Press: ? - help, Q - select action, (/) - cycle Shift-Dir - straight line, f/p - ogre
Aim: an ogre, wielding a +0 giant club (lightly wounded, poisoned, 74% to hit)
You throw a poisoned dart. The poisoned dart hits the ogre.
The ogre looks even sicker.
The ogre is lightly wounded.
Throw: 9 darts (poison)
Press: ? - help, Q - select action, (/) - cycle Shift-Dir - straight line, f/p - ogre
Aim: an ogre, wielding a +0 giant club (lightly wounded, very poisoned, 74% to hit)
You throw a poisoned dart. The poisoned dart hits the ogre.
The ogre is lightly wounded.
Casting: Necrotize (safe; 1% risk of failure)
Confirm with . or Enter, or press ? or * to list all spells.
The spell is quite dangerous to miscast (16% risk of failure)!
Continue anyway?
Okay, then.
Unknown command.
Casting: Agony (quite dangerous; 16% risk of failure)
Confirm with . or Enter, or press ? or * to list all spells.
The spell is quite dangerous to miscast (16% risk of failure)!
Continue anyway?
Aiming: Agony (quite dangerous; 16% risk of failure)
Press: ? - help, Shift-Dir - straight line, f/p - ogre
Aim: an ogre, wielding a +0 giant club (lightly wounded, very poisoned, chance to affect: 97%)
You feel a surge of power!
The ogre convulses!
The ogre hits you with a +0 giant club!!
You die...
Kikubaaqudgha rasps: "You have failed me!
Welcome... oblivion!"

#.#≈≈≈≈≈≈'≈# #...
#.'##≈≈###≈# ... #...
#...####.###.#.. #...
#............#.. #...
#...##.###.#.#.# #...
#...##.# #...#.###### #...
#...##.# #..........#.#
##...##.#######.#..#.#.#
................@....#O#
............####.O.#.#.#
.....>......# #..(..#.#
............# ##.#(.#.#
............#####.#.(#.####..
............#........†.......
............#................
............#..........(.....
......!.. #..............##


You could see an ogre (very poisoned).

Vanquished Creatures
  A water moccasin (D:4)
  An orc warrior (D:6)
  Pargi (Sewer)
  2 centaurs
  A scorpion (D:5)
  A necrophage (D:6)
  A killer bee (D:4)
  A howler monkey (D:4)
  4 hounds
  An orc priest (D:5)
  An iguana (D:5)
  A gnoll shaman (D:5)
  4 gnolls (D:5)
  9 adders
  2 worms
  2 dart slugs
  10 orcs
  9 ball pythons
  5 endoplasms
  3 giant cockroaches
  5 goblins
  6 hobgoblins
  5 jackals
  2 quokkas
  A bat (D:3)
  4 frilled lizards
  4 kobolds
  4 rats
91 creatures vanquished.

Vanquished Creatures (collateral kills)
  A hobgoblin (D:1)
  A frilled lizard (Sewer)
2 creatures vanquished.

Vanquished Creatures (others)
  4 orc zombies
4 creatures vanquished.

Grand Total: 97 creatures vanquished

Notes
Turn   | Place    | Note
-------+----------+-------------------------------------------
     0 | D:1      | tilp the Mummy Necromancer began the quest for the Orb.
     0 | D:1      | Reached XP level 1. HP: 13/13 MP: 4/4
   352 | D:1      | Reached XP level 2. HP: 20/20 MP: 3/5
   629 | D:1      | Reached skill level 1 in Fighting
   883 | D:1      | Found a faded altar of an unknown god.
  1169 | D:2      | Gained mutation: You are in touch with the powers of death.
                  | [Mummy growth]
  1169 | D:2      | Reached XP level 3. HP: 21/26 MP: 0/7
  1319 | D:2      | Learned a level 3 spell: Vampiric Draining
  1912 | D:2      | Reached XP level 4. HP: 33/33 MP: 4/8
  2320 | D:3      | Learned a level 4 spell: Animate Dead
  2350 | D:3      | Noticed Sigmund
  2678 | D:4      | Reached skill level 5 in Necromancy
  2728 | D:4      | Reached XP level 5. HP: 10/38 MP: 3/10
  3308 | D:4      | Noticed a water moccasin
  3316 | D:4      | Killed a water moccasin
  3317 | D:4      | Reached skill level 6 in Necromancy
  3317 | D:4      | Reached XP level 6. HP: 39/44 MP: 4/12
  3684 | D:5      | Entered Level 5 of the Dungeon
  3820 | D:5      | Noticed Blork the orc
  4142 | D:5      | Noticed Edmund
  4372 | D:5      | Found a stormy altar of Qazlal.
  4501 | D:5      | Found a staircase to the Ecumenical Temple.
  4539 | Temple   | Entered the Ecumenical Temple
  4683 | Temple   | Became a worshipper of Kikubaaqudgha
  4762 | D:5      | Reached XP level 7. HP: 52/52 MP: 9/13
  5317 | D:6      | Noticed a steam dragon
  5438 | D:6      | Reached skill level 5 in Spellcasting
  5438 | D:6      | Reached skill level 7 in Necromancy
  5723 | D:6      | Found a glowing drain.
  5751 | Sewer    | Entered a sewer
  5793 | Sewer    | Noticed Pargi
  5801 | Sewer    | Learned a level 5 spell: Agony
  5809 | Sewer    | Killed Pargi
  6058 | D:6      | Reached * piety under Kikubaaqudgha
  6058 | D:6      | Received a gift from Kikubaaqudgha
  6158 | D:6      | Reached XP level 8. HP: 60/60 MP: 11/15
  6163 | D:6      | Learned a level 4 spell: Anguish
  6220 | D:6      | Slain by an ogre

Illustrated notes

Levels and vault maps discovered:
D:1:      minmay_arrival_widening_spiral_wide, layout_loops_ring,
          shapermc_ecumenical_altar_acropolis, minmay_misc_feat_tower
D:2:      layout_basic, kennysheep_generic_room_3
D:3:      layout_rooms, uniq_sigmund
D:4:      layout_loops_ring, minmay_surrounded
D:5:      layout_basic, mainiacjoe_overflow_concentric_impassable,
          nicolae_tso_carved_into_rock, uniq_edmund, uniq_blork_the_orc
D:6:      layout_basic, mainiacjoe_overflow_big_doors, gup_sewer_entry_bowl,
          kennysheep_flooded_box
Temple:   minmay_freezing_vapour_temple

Skill      XL: |  1  2  3  4  5  6  7 |
---------------+----------------------+-----
Fighting       | 1 2 3 4 |  4.0
Spellcasting   | 3 4 5 |  5.0
Dodging        | 2 3 |  3.0
Stealth        | 2 |  2.0
Necromancy     | 5 6 7 |  7.9
Hexes          | |  0.5

Action                   |  1- 3 |  4- 6 |  7- 9 || total
-------------------------+-------+-------+-------++-------
Melee: Spear             |     1 |    52 |       ||    53
       Punch             |       |     1 |     1 ||     2
       Whip              |       |       |    61 ||    61
Throw: Dart              |       |       |     4 ||     4
 Cast: Necrotize         |    64 |    61 |    19 ||   144
       Vampiric Draining |       |    12 |    12 ||    24
       Animate Dead      |       |     1 |     1 ||     2
       Agony             |       |       |     1 ||     1
  Use: Scroll            |     1 |     7 |     5 ||    13
 Stab: Distracted        |     1 |     1 |       ||     2
       Sleeping          |       |     1 |       ||     1
Armor: Robe              |     4 |    12 |    19 ||    35
Dodge: Dodged            |     6 |    41 |    64 ||   111

Table legend: (Time is in decaauts)
 A = Elapsed time spent in this place.
 B = Non-inter-level travel time spent in this place.
 C = Inter-level travel time spent in this place.
 D = Time resting spent in this place.
 E = Time spent auto-exploring this place.
 F = Levels seen in this place.
 G = Mean time per level.
                   A        B        C        D        E       F      G
               +--------+--------+--------+--------+--------+-----+--------+
         Total |   6275 |   5874 |    401 |    618 |   4350 |   8 |  784.4 |
       Dungeon |   5798 |   5402 |    396 |    490 |   4089 |   6 |  966.3 |
        Temple |    149 |    144 |      5 |      0 |    138 |   1 |  149.0 |
         Sewer |    327 |    327 |      0 |    128 |    122 |   1 |  327.0 |
               +--------+--------+--------+--------+--------+-----+--------+

Top non-repeatable levels by time:
     D:5: 1486 daAuts
     D:2: 1217 daAuts
     D:1: 1161 daAuts
     D:4: 1015 daAuts
     D:6: 625 daAuts
   Sewer: 327 daAuts
     D:3: 292 daAuts
  Temple: 149 daAuts
